 Dungeon Crawl Stone Soup version 0.31.0-11-ge490571c62 (webtiles) character file.

Game seed: 11000564463225703695

1354 stipulation the Grave Robber (level 8, -1/36 HPs)
             Began as a Vine Stalker Necromancer on Jan 28, 2024.
             Killed from afar by Maggie (18 damage)
             ... with a bolt of fire
             ... on level 6 of the Dungeon.
             The game lasted 00:11:34 (6269 turns).

stipulation the Grave Robber (VSNe)                 Turns: 6269, Time: 00:11:35

Health: -1/36      AC:  3    Str: 11    XL:     8   Next: 63%
Magic:  0/19       EV: 17    Int: 23    God:
Gold:   282        SH:  5    Dex: 15    Spells: 13/21 levels left

rFire   . . .        e - staff of death
rCold   . . .        (no shield)
rNeg    + + .        a - +0 robe
rPois   .            (no helmet)
rElec   +            (no cloak)
rCorr   .            i - +0 pair of gloves
SInv    +            (no boots)
Will    +....        l - amulet of reflection
Stlth   ++           j - ring "Vefioria" {rElec rN+ Int+6 SInv}
HPRegen 1.06/turn    s - +5 ring of evasion
MPRegen 0.16/turn

%: reflection, guardian spirit
@: no status effects
A: fangs 3, regeneration 1, magic shield, antimagic bite, no potion heal 2
a: no special abilities


You were on level 6 of the Dungeon.
You visited 1 branch of the dungeon, and saw 6 of its levels.

You collected 282 gold pieces.

Inventory:

Armour
 a - a +0 robe (worn)
 i - a +0 pair of gloves (worn)
Magical Staves
 e - a staff of death (weapon)
Jewellery
 j - the ring "Vefioria" (left hand) {rElec rN+ Int+6 SInv}
   (You found it on level 3 of the Dungeon)

   [ring of intelligence]

   Int+6:     It affects your intelligence (+6).
   rElec:     It insulates you from electricity.
   rN+:       It protects you from negative energy.
   SInv:      It lets you see invisible.
 l - an amulet of reflection (around neck)
 s - a +5 ring of evasion (right hand)
 t - a ring of protection from cold
Scrolls
 c - 4 scrolls of identify
 k - 2 scrolls of vulnerability
 q - a scroll of immolation {unknown}
 r - a scroll of blinking {unknown}
 u - a scroll of poison {unknown}
 v - 2 scrolls of fear {unknown}
 w - a scroll of fog {unknown}
Potions
 b - 3 potions of magic
 d - a potion of lignification
 f - 2 potions of mutation {unknown}
 g - a potion of resistance {unknown}
 h - 3 potions of might
 m - 3 potions of berserk rage {unknown}
 n - a potion of cancellation {unknown}
 o - a potion of degeneration {unknown}
 p - a potion of curing {unknown}


   Skills:
 - Level 2.0 Staves
 - Level 1.5 Dodging
 - Level 2.4 Stealth
 + Level 7.1 Spellcasting
 + Level 7.9 Necromancy
 - Level 2.0 Evocations


You had 13 spell levels left.
You knew the following spells:

 Your Spells              Type           Power      Damage    Failure   Level
a - Necrotise             Necr           100%       1d9       1%          1
b - Vampiric Draining     Necr           61%        2d10      1%          3
c - Animate Dead          Necr           61%        N/A       2%          4

Your spell library contained the following spells:

 Spells                   Type           Power      Damage    Failure   Level
 Apportation              Tloc           16%        N/A       8%          1
 Freeze                   Ice            32%        1d5       8%          1
 Magic Dart               Conj           32%        1d4       8%          1
 Curse of Agony           Necr           61%        N/A       8%          5
 Jinxbite                 Hex            16%        N/A       12%         2
 Mercury Vapours          Alch/Air       16%        N/A       12%         2
 Searing Ray              Conj           16%        2d5       12%         2
 Frozen Ramparts          Ice            16%        1d3       22%         3
 Hailstorm                Conj/Ice       8%         3d5       22%         3
 Mephitic Cloud           Conj/Alch/Air  8%         N/A       22%         3
 Fulminant Prism          Conj/Alch      4%         3d5       58%         4
 Alistair's Intoxication  Alch           5%         N/A       91%         5
 Freezing Cloud           Conj/Ice/Air   4%         6-21      91%         5


Dungeon Overview and Level Annotations

Branches:
Dungeon (6/15)
 Temple: D:4-7

Altars:
Dithmenos
Hepliaklqana
Ru

Annotations:
D:6 Maggie


Innate Abilities, Weirdness & Mutations

You have razor-sharp teeth.
Your natural rate of healing is unusually fast.
When hurt, damage is shared between your health and your magic reserves.
Your bite disrupts and absorbs the magic of your enemies.
Potions cannot restore your health.


Message History

Here: Maggie, wielding a +3 long sword of flaming and wearing +0 steam dragon scales The floor.
Unknown command.
You aren't carrying any items that you can evoke.
Unknown command.
Aiming: Necrotise (safe; 1% risk of failure)
Press: ? - help, Q - select action, (/) - cycle Shift-Dir - straight line, f - Maggie
Aim: Maggie, wielding a +3 long sword of flaming and wearing +0 steam dragon scales (chance to affect: 83%)
Okay, then.
Okay, then.
Okay, then.
Okay, then.
You aren't carrying any items that you can evoke.
Unknown command.
Press: ? - help, v - describe, . - travel
Here: Maggie, wielding a +3 long sword of flaming and wearing +0 steam dragon scales The floor.
You swap places.
Your adder skeleton bites Maggie but does no damage.
Maggie hits your adder skeleton with a +3 long sword of flaming.
Maggie burns your adder skeleton.
Your adder skeleton barely misses Maggie.
Maggie gestures at you while chanting.
The bolt of fire hits your adder skeleton!!
Your adder skeleton is destroyed!
The bolt of fire hits you!!
Maggie points at you and mumbles some strange words.
The bolt of fire hits you!!
Ouch! That really hurt!
* * * LOW HITPOINT WARNING * * *
Okay, then.
Okay, then.
You aren't carrying any items that you can evoke.
Unknown command.
Maggie casts a spell.
Maggie attempts to bespell you! You resist with some effort.
Maggie casts a spell at you. The bolt of fire hits you!!
Ouch! That really hurt!
You die...

.. #.##.......##..###... .
........(.#..........#
##.....................
.#.................#####
....)..............#
#..................### #
.......#...>.........# #.
#>....#..........#.## #.#
#...>@..........#..##
#..##...................#
#..######...........#..##
... ####............#
######.#########@##......)#
...........@.....###.......
.....#.########### #......#
### ... ######## ####


You could see Maggie.

Vanquished Creatures
  Eustachio (D:5)
  2 ogres
  2 centaurs
  A phantom (D:5)
  5 scorpions
  2 bombardier beetles
  2 jellies (D:5)
  An orc priest (D:4)
  2 hounds (D:4)
  A sleepcap (D:5)
  Jessica (D:2)
  An iguana (D:5)
  A hound zombie (D:4)
  11 adders
  A white imp (D:5)
  An adder zombie (D:4)
  An adder skeleton (D:4)
  4 ribbon worms
  2 dart slugs
  16 orcs
  7 endoplasms
  10 goblins
  5 hobgoblins
  2 jackals (D:5)
  3 quokkas
  2 ball pythons (D:1)
  2 bats
  8 frilled lizards
  8 kobolds
  8 rats
113 creatures vanquished.

Vanquished Creatures (collateral kills)
  A dart slug (D:1)
  A goblin (D:2)
  A ball python (D:1)
3 creatures vanquished.

Grand Total: 116 creatures vanquished

Notes
Turn   | Place    | Note
-------+----------+-------------------------------------------
     0 | D:1      | stipulation the Vine Stalker Necromancer began the quest
                  | for the Orb.
     0 | D:1      | Reached XP level 1. HP: 9/9 MP: 4/4
   146 | D:1      | Reached XP level 2. HP: 13/13 MP: 1/6
   741 | D:1      | Reached XP level 3. HP: 16/16 MP: 5/8
  1407 | D:2      | Noticed Jessica
  1412 | D:2      | Killed Jessica
  1413 | D:2      | Reached XP level 4. HP: 20/21 MP: 6/10
  1608 | D:2      | Learned a level 3 spell: Vampiric Draining
  1613 | D:2      | Learned a level 4 spell: Animate Dead
  1826 | D:2      | Reached skill level 1 in Staves
  1826 | D:2      | Reached skill level 1 in Evocations
  2171 | D:3      | Reached XP level 5. HP: 24/24 MP: 7/11
  2515 | D:3      | Identified the ring "Vefioria" {rElec rN+ Int+6 SInv}
  2799 | D:3      | Reached skill level 5 in Necromancy
  3271 | D:4      | Reached XP level 6. HP: 20/28 MP: 3/13
  3386 | D:4      | Found a hazy altar of Hepliaklqana.
  4100 | D:4      | Reached skill level 5 in Spellcasting
  4100 | D:4      | Reached XP level 7. HP: 32/32 MP: 5/15
  4451 | D:5      | Entered Level 5 of the Dungeon
  4499 | D:5      | Noticed Eustachio
  5058 | D:5      | Found a sacrificial altar of Ru.
  5119 | D:5      | Found a shadowy altar of Dithmenos.
  5325 | D:5      | Killed Eustachio
  5326 | D:5      | Gained mutation: You have razor-sharp teeth. [Vine Stalker
                  | growth]
  5326 | D:5      | Reached XP level 8. HP: 36/36 MP: 0/18
  6254 | D:6      | Noticed Maggie
  6269 | D:6      | Killed from afar by Maggie

Illustrated notes

Levels and vault maps discovered:
D:1:      giann_wishing_wells, layout_basic, minmay_surrounded
D:2:      layout_basic, nrook_mini_backslash, uniq_jessica
D:3:      layout_basic
D:4:      layout_loops_ring, lemuel_crystal_altar,
          mainiacjoe_ossuary_entry_find_the_door
D:5:      layout_cave_pods, nicolae_ru_path_of_blood, kennysheep_little_box,
          amethyst_killhole, uniq_eustachio
D:6:      layout_rooms, temple_doors_e, uniq_maggie, uniq_crazy_yiuf_cottage,
          uniq_sigmund

Skill      XL: |  1  2  3  4  5  6  7  8 |
---------------+-------------------------+-----
Spellcasting   | 3 4 5 6 7 |  7.1
Staves         | 1 2 |  2.0
Evocations     | 1 2 |  2.0
Necromancy     | 5 6 7 |  7.9
Dodging        | |  1.5
Stealth        | |  2.4

Action                     |  1- 3 |  4- 6 |  7- 9 || total
---------------------------+-------+-------+-------++-------
  Melee: Unarmed           |     4 |       |       ||     4
         Staff             |    13 |    12 |    56 ||    81
         Bite              |     2 |     5 |    17 ||    24
         Punch             |       |       |     3 ||     3
   Cast: Necrotise         |    50 |   106 |    54 ||   210
         Vampiric Draining |       |     4 |    15 ||    19
    Use: Scroll            |       |     3 |       ||     3
   Stab: Sleeping          |       |       |     2 ||     2
 Armour: Robe              |    15 |    30 |    38 ||    83
  Dodge: Dodged            |    11 |    33 |    46 ||    90
  Block: Other             |       |     8 |    17 ||    25
         Reflection        |       |     2 |     2 ||     4
